 Dungeon Crawl Stone Soup version 0.26-a0-466-g989023bd0d (webtiles) character file.

Game seed: 1022578390691724900

1179 sanka the Digger (level 8, -10/57 HPs)
             Began as a Ghoul Earth Elementalist on Aug 14, 2020.
             Was a Believer of Okawaru.
             Mangled by Maggie
             ... wielding a +1 long sword of holy wrath
              (13 damage)
             ... on level 7 of the Dungeon.
             The game lasted 00:08:45 (5606 turns).

sanka the Digger (Ghoul Earth Elementalist)         Turns: 5606, Time: 00:08:46

Health: -10/57     AC:  4    Str: 10    XL:     8   Next: 42%
Magic:  2/21       EV: 15    Int: 12    God:    Okawaru [**....]
Gold:   203        SH:  0    Dex:  9    Spells: 3/14 levels left

rFire    + + +     SeeInvis .   a - +1 short sword (venom)
rCold    + + .     Faith    .   (no shield)
rNeg     + + +     Spirit   .   c - +0 robe
rPois    ∞         Reflect  .   (no helmet)
rElec    .         Harm     .   n - +0 cloak
rCorr    .                      (no gloves)
MR       .....                  f - +0 pair of boots
Stlth    +++.......             (no amulet)
HPRegen  0.00/turn              u - ring "Pisuolua" {+Inv rF+++ rC+ MP+9 Str-2}
MPRegen  0.17/turn              d - ring of flight

@: heroism, very slightly contaminated
A: rotting body, claws 1, cold resistance 1, negative energy resistance 3,
inhibited regeneration, torment resistance, unbreathing
a: Heroism, Renounce Religion, Evoke Invisibility, Evoke Flight


You were on level 7 of the Dungeon.
You worshipped Okawaru.
Okawaru was pleased with you.
You visited 1 branch of the dungeon, and saw 6 of its levels.

You collected 203 gold pieces.


Innate Abilities, Weirdness & Mutations

Your body is rotting away.
You thrive by killing the living.
You are immune to poison.
You have sharp fingernails.
Your flesh is cold resistant. (rC+)
You are immune to negative energy. (rN+++)
You do not regenerate when monsters are visible.
You are immune to unholy pain and torment.
You can survive without breathing.


   Skills:
 - Level 2.0(7.0) Dodging
 - Level 3.0(8.0) Stealth
 + Level 3.9 Spellcasting
 + Level 3.2 Conjurations
 - Level 0.8 Transmutations
 + Level 7.7 Earth Magic
 - Level 4.0 Invocations


You had 3 spell levels left.
You knew the following spells:

 Your Spells              Type           Power        Failure   Level
x - Sandblast             Erth           ###...       1%          1
z - Stone Arrow           Conj/Erth      ###...       7%          3
N - Passwall              Tmut/Erth      ##......     6%          2
X - Lee's Rapid Deconstr  Erth           ###.......   26%         5

Your spell library contained the following spells:

 Spells                   Type           Power        Failure   Level
 Petrify                  Tmut/Erth      ##......     36%         4

Inventory:

Hand Weapons
 a - a +1 short sword of venom (weapon)
Missiles
 p - a stone (quivered)
Armour
 c - a +0 robe (worn)
 f - a +0 pair of boots (worn)
 n - a +0 cloak (worn)
 w - the +0 cloak of Failure {Int+5 Slay-4}

   It affects your intelligence (+5).
   It affects your accuracy and damage with ranged weapons and melee attacks
   (-4).
Magical Staves
 b - an uncursed staff of wizardry {!a}
Jewellery
 d - a ring of flight (right claw)
 u - the ring "Pisuolua" (left claw) {+Inv rF+++ rC+ MP+9 Str-2}

   [ring of protection from cold]

   It affects your strength (-2).
   It renders you almost immune to fire.
   It protects you from cold.
   It affects your magic capacity (+9).
   It lets you turn invisible.
Wands
 r - a wand of iceblast (17)
Scrolls
 i - 2 scrolls of remove curse
 j - 2 scrolls of enchant weapon
 l - a scroll of amnesia
 q - 4 scrolls of enchant armour
 s - a scroll of immolation {!r}
Potions
 e - 3 potions of haste {unknown}
 g - a potion of might {unknown}
 h - 3 potions of heal wounds {@q2}
 k - 2 potions of stabbing {unknown}
 m - 2 potions of cancellation {unknown}
 v - a potion of curing {unknown}

Dungeon Overview and Level Annotations

Branches:
Dungeon (5/15)             Temple (0/1) D:7

Altars:
Dithmenos
Okawaru
Qazlal
The Shining One

Annotations:
D:7 Maggie

...
.................)...▒.▒▒▒▒▒.
.▒ ▒▒▒▒▒▒▒.▒▒▒▒▒▒▒▒▒▒▒▒▒▒.▒
▒. .▒ ▒.▒..............▒ ▒.
.▒ ▒.▒.......▒▒..▒▒▒▒▒▒▒▒. .▒
..▒..▒▒▒▒..▒....?...... .▒
.............▒...▒▒▒▒▒▒▒▒
.▒▒▒▒▒ ▒...▒▒▒▒▒.....▒...▒
..... ...▒...............▒
...▒ ▒...▒...▒▒▒n..▒.....▒
...▒▒...▒▒▒....@...▒.....▒
...▒...........<...▒.....▒
......▒.....▒............▒
....▒▒▒..>..▒▒▒.▒▒.▒▒▒▒..▒
▒▒▒...▒.....▒...< ..
▒▒...........▒ ▒▒▒
▒▒...▒▒▒.... ▒....▒...▒


You could see Maggie.


Message History

Nothing appears to happen.
Maggie barely misses you.
Unknown command.
Aiming: Stone Arrow (dangerous; 7% risk of failure)
Aim: Maggie, wielding a +1 long sword of holy wrath and wearing +0 steam dragon scales (moderately wounded)
The stone arrow hits Maggie!
Maggie is moderately wounded.
Maggie hits you with a +1 long sword of holy wrath!
* * * LOW HITPOINT WARNING * * *
You convulse!
* * * LOW HITPOINT WARNING * * *
Aiming: Stone Arrow (dangerous; 7% risk of failure)
Aim: Maggie, wielding a +1 long sword of holy wrath and wearing +0 steam dragon scales (moderately wounded)
The stone arrow hits Maggie!
Maggie is heavily wounded.
Maggie mumbles the words to a spell, but in the wrong order.
Maggie casts a spell.
Maggie attempts to bespell you! You resist with some effort.
Unknown command.
Use which ability? (? or * to list)
You gain the combat prowess of a mighty hero.
Maggie says, "Fear not.
I will immortalize you in the tale of my first kill."
Maggie closely misses you.
You closely miss Maggie.
Maggie is heavily wounded.
You closely miss Maggie.
Maggie is heavily wounded.
Maggie hits you with a +1 long sword of holy wrath!
You die...

Action                   |  1- 3 |  4- 6 |  7- 9 || total
-------------------------+-------+-------+-------++-------
Melee: Unarmed           |    78 |       |       ||    78
       Short sword       |     7 |   189 |    78 ||   274
 Cast: Sandblast         |     9 |    33 |     5 ||    47
       Stone Arrow       |       |       |    14 ||    14
Invok: Heroism           |       |     1 |     1 ||     2
  Use: Scroll            |       |     4 |     3 ||     7
       Potion            |       |     1 |       ||     1
 Stab: Sleeping          |     4 |     4 |     1 ||     9
Armor: Robe              |    18 |    52 |     8 ||    78
Dodge: Dodged            |    59 |   167 |    52 ||   278

Levels and vault maps discovered:
D:1:      eino_arrival_cavern_a, layout_loops_ring, minmay_stone_trees_medium,
          okawaru_ov_weapons_minmay
D:2:      layout_basic, uniq_jessica
D:3:      layout_rooms, nicolae_overflow_hidden_temple,
          nicolae_tso_swordbearing_angel
D:4:      layout_loops_cross, serial_shops, kennysheep_mini_moat,
          grunt_dithmenos_smoke
D:5:      layout_loops_ring, hangedman_decor_opposing, uniq_edmund
D:7:      minmay_the_grid_triangle_9x9_rhombus_thin
          [minmay_the_grid_triangle_9x9_negative_grid,
          minmay_the_grid_triangle_9x9_prize_insulated,
          minmay_the_grid_triangle_9x9_empty,
          minmay_the_grid_triangle_9x9_wacky_v], layout_basic,
          minmay_temple_entry_tees, uniq_maggie, uniq_crazy_yiuf_cottage

Notes
Turn   | Place    | Note
-------+----------+-------------------------------------------
     0 | D:1      | sanka the Ghoul Earth Elementalist began the quest for the
                  | Orb.
     0 | D:1      | Reached XP level 1. HP: 14/14 MP: 2/2
   189 | D:1      | Reached XP level 2. HP: 2/20 MP: 1/3
   502 | D:1      | Reached skill level 2 in Dodging
   732 | D:1      | Reached skill level 2 in Spellcasting
   878 | D:1      | Found an iron altar of Okawaru.
   882 | D:1      | Became a worshipper of Warmaster Okawaru
  1672 | D:2      | Learned a level 2 spell: Passwall
  1811 | D:2      | Reached skill level 3 in Stealth
  1811 | D:2      | Reached XP level 3. HP: 26/26 MP: 5/5
  1834 | D:2      | Noticed Jessica
  1839 | D:2      | Killed Jessica
  1839 | D:2      | Reached skill level 4 in Earth Magic
  1843 | D:2      | Reached XP level 4. HP: 28/33 MP: 1/6
  2074 | D:2      | Noticed an ogre
  2088 | D:2      | Killed an ogre
  2088 | D:2      | Reached * piety under Okawaru
  2088 | D:2      | Reached skill level 6 in Earth Magic
  2088 | D:2      | Reached XP level 5. HP: 10/38 MP: 2/7
  2093 | D:2      | Learned a level 3 spell: Stone Arrow
  3176 | D:3      | Reached skill level 1 in Invocations
  3176 | D:3      | Reached XP level 6. HP: 41/45 MP: 6/8
  3433 | D:3      | Reached skill level 1 in Conjurations
  3591 | D:3      | Found a stormy altar of Qazlal.
  3672 | D:3      | Found a glowing golden altar of the Shining One.
  3903 | D:4      | Reached skill level 2 in Invocations
  3912 | D:4      | HP: 2/45 [bullfrog skeleton (4)]
  3935 | D:3      | HP: 4/45 [jackal (1)]
  3938 | D:3      | HP: 1/45 [jackal (3)]
  4251 | D:4      | Reached XP level 7. HP: 36/50 MP: 1/10
  4295 | D:4      | Reached skill level 2 in Conjurations
  4393 | D:4      | Got a bound silver ring
  4394 | D:4      | Identified the ring "Pisuolua" {+Inv rF+++ rC+ MP+9 Str-2}
                  | (You found it on level 4 of the Dungeon)
  4483 | D:4      | Found a shadowy altar of Dithmenos.
  4492 | D:5      | Entered Level 5 of the Dungeon
  4552 | D:5      | Reached ** piety under Okawaru
  4552 | D:5      | Reached skill level 3 in Spellcasting
  4612 | D:5      | Reached skill level 3 in Invocations
  4664 | D:5      | Reached skill level 7 in Earth Magic
  4998 | D:7      | Found a staircase to the Ecumenical Temple.
  5011 | D:7      | Got a brightly glowing cloak
  5022 | D:7      | Identified the +0 cloak of Failure {Int+5 Slay-4} (You
                  | found it on level 7 of the Dungeon)
  5039 | D:7      | Reached XP level 8. HP: 57/57 MP: 12/12
  5155 | D:7      | Reached skill level 3 in Conjurations
  5155 | D:7      | Reached skill level 4 in Invocations
  5220 | D:7      | Learned a level 5 spell: Lee's Rapid Deconstruction
  5338 | D:7      | Reached *** piety under Okawaru
  5597 | D:7      | Identified +0 steam dragon scales
  5597 | D:7      | Noticed Maggie
  5602 | D:7      | HP: 3/57 [Maggie/+1 long sword of holy wrath (11)]
  5606 | D:7      | Mangled by Maggie

Vanquished Creatures
  2 sky beasts
  A black bear (D:7)
  4 ogres
  A wyvern zombie (D:4)
  2 scorpions (D:7)
  2 orc priests (D:3)
  An orc wizard (D:4)
  A bullfrog skeleton (D:4)
  Jessica (D:2)
  3 worker ants (D:5)
  9 adders
  A shadow imp (D:3)
  An ooze (D:1)
  2 worms
  A dart slug (D:1)
  5 leopard geckos
  17 orcs
  4 giant cockroaches
  2 goblins (D:3)
  5 hobgoblins
  8 jackals
  2 ball pythons
  9 bats
  4 frilled lizards
  6 kobolds
  A leopard gecko skeleton (D:4)
  A rat (D:2)
96 creatures vanquished.
